[Event "Titled Tuesday Blitz March 21 Late 2023"]
[White "Rastbod, Ali"]
[Black "Wagner, Dennis"]
[WhiteFideId "12567477"]
[BlackFideId "24650684"]
[WhiteElo "2211"]
[BlackElo "2470"]
[Result "1-0"]
[Round "11"]
[TimeControl "180+2"]
[Date "2023.03.21"]
[WhiteClock "0:00:06"]
[BlackClock "0:00:17"]

1. c4 Nf6 2. Nc3 e5 3. Nf3 Nc6 4. e3 d5 5. cxd5 Nxd5 6. Bb5 Nxc3 7. bxc3 Bd6 8. d4 Qe7 9. O-O O-O 10. h3 e4 11. Nd2 a6 12. Be2 Re8 13. c4 Qg5 14. Kh1 Nxd4 15. Nxe4 Rxe4 16. exd4 Qh4 17. Kg1 Rxd4 18. Qb3 Qe4 19. Be3 Qe5 20. g3 Re4 21. Bf3 Bxh3 22. Rfe1 Qf5 23. Bh1 Rae8 24. Qxb7 Rxc4 25. Qxa6 Rc2 26. Qa4 Re7 27. Qa8+ Qc8 28. Qxc8+ Bxc8 29. a4 h6 30. a5 Ba6 31. Rec1 Rxc1+ 32. Rxc1 Bxg3 33. Rc6 Bb5 34. a6 Bxc6 35. Bxc6 Re5 36. a7 Bxf2+ 37. Kxf2 Ra5 38. a8=Q+ Rxa8 39. Bxa8 g5 40. Bc6 Kg7 41. Bd4+ Kg6 42. Be8 h5 43. Kg3 c5 44. Bxc5 Kf6 45. Bb4 Kg7 46. Bc3+ Kg6 47. Bb2 g4 48. Kh4 Kf5 49. Bxf7 Kf4 50. Ba3 Kf3 51. Bd6 Kg2 52. Bxh5 g3 53. Bxg3 Kf1 54. Kg4 Ke2 55. Kf4+ Kd3 56. Bf3 Kd4 57. Bf2+ Kd3 58. Be3 Kc4 59. Ke4 Kc3 60. Bd4+ Kc4 61. Be2+ Kb4 62. Kd5 Kb3 63. Kc5 Kc2 64. Kc4 Kd2 65. Bd3 Ke1 66. Be3 Kd1 67. Kd4 Ke1 68. Ke4 Kd1 69. Bd4 Kd2 70. Be5 Ke1 71. Ke3 Kd1 72. Be2+ Kc2 73. Bd4 Kb3 74. Kd3 Kb4 75. Bf3 Kb5 76. Kc3 Ka6 77. Kc4 Ka5 78. Kc5 Ka6 79. Bd5 Ka5 80. Bc6 Ka6 81. Bb5+ Kb7 82. Be5 Kc8 83. Bf6 Kc7 84. Bg5 Kb7 85. Ba4 Kc7 86. Bc6 Kc8 87. Kb6 Kb8 88. Bb5 Kc8 89. Bf6 Kb8 90. Ba6 Ka8 91. Bb7+ Kb8 92. Be5# 1-0


[Site "https://www.chess.com"]

[Event "Titled Tuesday Blitz March 21 Late 2023"]
[White "Postny, Evgeny"]
[Black "Martic, Ivan"]
[WhiteFideId "2804344"]
[BlackFideId "929301"]
[WhiteElo "2509"]
[BlackElo "2360"]
[Result "0-1"]
[Round "11"]
[TimeControl "180+2"]
[Date "2023.03.21"]
[WhiteClock "0:00:38"]
[BlackClock "0:01:14"]

1. e4 c5 2. Nf3 Nf6 3. e5 Nd5 4. Nc3 Nxc3 5. dxc3 Nc6 6. Bf4 Qb6 7. Qc1 e6 8. Bd3 h6 9. O-O Qc7 10. Rd1 b6 11. Qe3 Bb7 12. Nd2 Ne7 13. c4 g5 14. Bg3 Nf5 15. Bxf5 exf5 16. e6 f4 17. exd7+ Kxd7 18. Nf3+ Bd6 19. Qd3 Bxf3 20. Qxf3 Rae8 21. Bxf4 gxf4 22. h3 Qc6 23. Qxf4 Re1+ 24. Kh2 Rxd1 25. Rxd1 Kc7 0-1


[Site "https://www.chess.com"]

[Event "Titled Tuesday Blitz March 21 Late 2023"]
[White "Santos Ruiz, Miguel"]
[Black "Shohat, Yotam"]
[WhiteFideId "22291482"]
[BlackFideId "2813955"]
[WhiteElo "2504"]
[BlackElo "2226"]
[Result "1-0"]
[Round "11"]
[TimeControl "180+2"]
[Date "2023.03.21"]
[WhiteClock "0:00:14"]
[BlackClock "0:00:01"]

1. c3 c6 2. e4 e5 3. d4 exd4 4. cxd4 d5 5. e5 Bb4+ 6. Nc3 Ne7 7. a3 Ba5 8. f4 O-O 9. Nf3 Bg4 10. Bd3 Qd7 11. O-O Nf5 12. Ne2 Bb6 13. Bb1 f6 14. h3 Bxf3 15. Rxf3 fxe5 16. fxe5 Na6 17. Qd3 g6 18. b4 Nc7 19. Bb2 a5 20. bxa5 Rxa5 21. Bc2 Ne6 22. Raf1 Raa8 23. g4 Ne7 24. Bc1 Rxf3 25. Rxf3 Rf8 26. Bh6 Rxf3 27. Qxf3 Qe8 28. Be3 Qf7 29. Qg2 Kg7 30. Bb3 Kg8 31. h4 Kg7 32. h5 Kg8 33. Kh1 g5 34. Kh2 h6 35. Bc2 Kg7 36. Bd3 Qg8 37. Qg1 Qf7 38. Ng3 Qf3 39. Nf5+ Nxf5 40. gxf5 Nf4 41. f6+ Kf7 42. Bg6+ Kf8 43. Qg3 Qe2+ 44. Kh1 Qd1+ 45. Kh2 Bxd4 46. e6 Bxe3 47. e7+ 1-0


[Site "https://www.chess.com"]

[Event "Titled Tuesday Blitz March 21 Late 2023"]
[White "Aldokhin, Ivan"]
[Black "Janaszak, Dawid"]
[WhiteFideId "24115720"]
[BlackFideId "1119206"]
[WhiteElo "2322"]
[BlackElo "2220"]
[Result "0-1"]
[Round "11"]
[TimeControl "180+2"]
[Date "2023.03.21"]
[WhiteClock "0:00:01"]
[BlackClock "0:00:11"]

1. e4 e5 2. Nf3 d6 3. d4 exd4 4. Nxd4 Nf6 5. Nc3 Be7 6. Bc4 O-O 7. O-O c6 8. a4 Nxe4 9. Nxe4 d5 10. Bd3 dxe4 11. Bxe4 Bf6 12. Nf5 Na6 13. Nd6 Be6 14. Bf4 Qb6 15. a5 Qxb2 16. Rb1 Qa3 17. Nxb7 Qa4 18. Qf3 Bd5 19. Bxd5 cxd5 20. Bd6 Rfe8 21. Qxd5 Rac8 22. Bg3 Nb4 23. Qb3 Qxb3 24. Rxb3 Nxc2 25. Nd6 Rb8 26. Nxe8 Rxb3 27. Nxf6+ gxf6 28. Rc1 Nd4 29. Ra1 a6 30. h3 Kg7 31. Kh2 h5 32. Ra4 Nf5 33. Bc7 Rb2 34. Rf4 Kg6 35. Bd8 Rd2 36. Bxf6 Kxf6 37. g4 hxg4 38. hxg4 Rd5 39. Kg2 Rxa5 40. Kf3 Rb5 41. Ke2 Kg5 0-1


[Site "https://www.chess.com"]

[Event "Titled Tuesday Blitz March 21 Late 2023"]
[White "Gadimbayli, Abdulla"]
[Black "JackRodgers"]
[WhiteFideId "13404938"]
[WhiteElo "2390"]
[BlackElo "2513"]
[Result "1/2-1/2"]
[Round "11"]
[TimeControl "180+2"]
[Date "2023.03.21"]
[WhiteClock "0:00:15"]
[BlackClock "0:00:21"]

1. Nf3 c5 2. g3 g6 3. Bg2 Bg7 4. O-O Nf6 5. c4 O-O 6. Nc3 Nc6 7. b3 d5 8. cxd5 Nxd5 9. Bb2 Nxc3 10. dxc3 b6 11. Qc2 Bb7 12. Rad1 Qc7 13. h4 Rad8 14. h5 Rxd1 15. Rxd1 Rd8 16. hxg6 hxg6 17. Rxd8+ Qxd8 18. Ng5 e6 19. Ne4 Qe7 20. e3 Ne5 21. c4 f5 22. Nd2 Bxg2 23. Kxg2 Qb7+ 24. e4 Ng4 25. Bxg7 Kxg7 26. Qc3+ Nf6 27. f3 Qd7 28. Kf2 e5 29. exf5 gxf5 30. Ke2 Qd4 31. Qc2 e4 32. fxe4 fxe4 33. Qb1 Kg6 34. Qc2 Kf5 35. Qb1 Ke5 36. Qh1 Qd3+ 37. Ke1 Qxg3+ 38. Ke2 Qd3+ 39. Ke1 e3 40. Nf3+ Kf4 41. Qh6+ Kxf3 42. Qxf6+ Ke4 43. Qg6+ Kd4 44. Qf6+ Ke4 45. Qg6+ Kd4 46. Qg7+ Ke4 47. Qh7+ Kd4 48. Qh8+ Ke4 49. Qh7+ Kd4 50. Qg7+ Ke4 51. Qg6+ 1/2-1/2


[Site "https://www.chess.com"]

[Event "Titled Tuesday Blitz March 21 Late 2023"]
[White "Matinian, Nikita"]
[Black "Bruedigam, Martin"]
[WhiteFideId "24129100"]
[BlackFideId "24608033"]
[WhiteElo "2422"]
[BlackElo "2331"]
[Result "1-0"]
[Round "11"]
[TimeControl "180+2"]
[Date "2023.03.21"]
[WhiteClock "0:01:43"]
[BlackClock "0:00:58"]

1. e4 c6 2. d4 d5 3. e5 Bf5 4. Nf3 e6 5. Be2 Ne7 6. O-O Ng6 7. Be3 Nd7 8. Nbd2 h5 9. c4 h4 10. Qb3 b6 11. cxd5 cxd5 12. Bb5 Be7 13. Rac1 O-O 14. Rfe1 h3 15. g3 Rc8 16. Rxc8 Qxc8 17. Bg5 Nb8 18. Bd3 Bxd3 19. Qxd3 Nc6 20. a3 Na5 21. Bxe7 Nxe7 22. Ng5 g6 23. g4 Kg7 24. Qxh3 Rh8 25. Qf3 Qf8 26. Rc1 Nac6 27. b4 Nxd4 28. Qf6+ Kg8 29. Rc7 Ndc6 30. b5 Qg7 31. bxc6 1-0


[Site "https://www.chess.com"]

[Event "Titled Tuesday Blitz March 21 Late 2023"]
[White "Zamorano, Jorge"]
[Black "Szente Varga, Fruzsina"]
[WhiteFideId "173770"]
[BlackFideId "712264"]
[WhiteElo "2331"]
[BlackElo "1994"]
[Result "1-0"]
[Round "11"]
[TimeControl "180+2"]
[Date "2023.03.21"]
[WhiteClock "0:00:17"]
[BlackClock "0:00:01"]

1. e4 e5 2. Nc3 Nf6 3. g3 Bc5 4. Bg2 O-O 5. Nge2 Nc6 6. d3 a5 7. O-O d6 8. Be3 Bxe3 9. fxe3 Ng4 10. Qd2 Qg5 11. Nd5 Qd8 12. h3 Nh6 13. g4 Be6 14. c4 f6 15. Ng3 Ne7 16. Nxe7+ Qxe7 17. Nf5 Nxf5 18. exf5 Bc8 19. d4 Kh8 20. Rac1 Ra7 21. c5 Bd7 22. Rfd1 Ba4 23. b3 Bb5 24. a4 Ba6 25. cxd6 Qxd6 26. dxe5 Qxe5 27. Qd4 Qxd4 28. Rxd4 c6 29. Rd7 Raa8 30. Bf1 Bxf1 31. Kxf1 b5 32. Rxc6 bxa4 33. bxa4 Rab8 34. Rcc7 Rg8 35. Rb7 Rbc8 36. Rdc7 Rce8 37. Kf2 Re4 38. Ke2 Rxa4 39. g5 Ra2+ 40. Ke1 Ra1+ 41. Ke2 Ra2+ 42. Kd3 Rd8+ 43. Ke4 Ra4+ 44. Kf3 fxg5 45. Rxg7 Re8 46. Rxh7+ Kg8 47. Rbg7+ Kf8 48. Ra7 Kg8 49. f6 1-0


[Site "https://www.chess.com"]

[Event "Titled Tuesday Blitz March 21 Late 2023"]
[White "Papp, Levente"]
[Black "ilya2700"]
[WhiteFideId "751243"]
[WhiteElo "2380"]
[BlackElo "2201"]
[Result "1-0"]
[Round "11"]
[TimeControl "180+2"]
[Date "2023.03.21"]
[WhiteClock "0:00:04"]
[BlackClock "0:00:36"]

1. b3 b6 2. Bb2 Bb7 3. c4 c5 4. Nc3 Nc6 5. Nf3 Nf6 6. g3 g6 7. Bg2 Bg7 8. O-O O-O 9. e3 e6 10. d4 d5 11. cxd5 Nxd5 12. Nxd5 exd5 13. Qc1 Rc8 14. dxc5 Bxb2 15. Qxb2 bxc5 16. Rac1 Qe7 17. Qa3 Nb4 18. Qxa7 Rc6 19. a3 Ra8 20. Qxa8+ Bxa8 21. axb4 cxb4 22. Rxc6 Bxc6 23. Nd4 Bb7 24. Rc1 h5 25. h4 Kg7 26. Rc2 Qd8 27. Rc5 Qb6 28. Rb5 Qa6 29. Rxb4 Qa1+ 30. Kh2 Ba6 31. Ra4 Qe1 32. Rxa6 Qxf2 33. Rd6 Qxe3 34. Rxd5 f6 35. b4 Kf7 36. b5 g5 37. hxg5 fxg5 38. Nf3 g4 39. Nh4 Qb3 40. Rxh5 Qb4 41. Rf5+ Ke6 42. Rg5 Kf6 43. Rg6+ Kf7 44. b6 Qb5 45. b7 Qb4 46. Rxg4 Qb2 47. Ra4 Kf6 48. Ra8 Kg5 49. b8=Q Qf6 50. Qf4+ Kh5 51. Qxf6 Kg4 52. Bf3# 1-0


[Site "https://www.chess.com"]

[Event "Titled Tuesday Blitz March 21 Late 2023"]
[White "Yeletsky, Ivan"]
[Black "Jovic, Stanoje"]
[WhiteFideId "24180327"]
[BlackFideId "905020"]
[WhiteElo "2414"]
[BlackElo "2236"]
[Result "1-0"]
[Round "11"]
[TimeControl "180+2"]
[Date "2023.03.21"]
[WhiteClock "0:00:49"]
[BlackClock "0:00:19"]

1. d4 Nf6 2. c4 e6 3. Nc3 Bb4 4. a3 Bxc3+ 5. bxc3 O-O 6. f3 d5 7. cxd5 exd5 8. e3 Bf5 9. Ne2 c5 10. g4 Bg6 11. Nf4 Nc6 12. h4 h5 13. g5 Ne8 14. Kf2 c4 15. Bh3 Na5 16. a4 Nb3 17. Ra2 Nc7 18. Ba3 Re8 19. Re1 Ne6 20. Ng2 Qa5 21. Bb4 Qc7 22. a5 a6 23. Rh1 b6 24. axb6 Qxb6 25. Kg1 a5 26. Ba3 a4 27. Re2 Bd3 28. Re1 Nexd4 29. exd4 Nxd4 30. cxd4 Qb3 31. Qc1 Be2 32. g6 fxg6 33. Nf4 Bxf3 34. Be6+ Kh7 35. Rh3 Qb6 36. Rxf3 Rxe6 37. Nxe6 Qxe6 38. Rxe6 1-0


[Site "https://www.chess.com"]

[Event "Titled Tuesday Blitz March 21 Late 2023"]
[White "Baskakov, Egor"]
[Black "Manukyan, Sargis V."]
[WhiteFideId "24197866"]
[BlackFideId "13303465"]
[WhiteElo "2212"]
[BlackElo "2236"]
[Result "1-0"]
[Round "11"]
[TimeControl "180+2"]
[Date "2023.03.21"]
[WhiteClock "0:01:45"]
[BlackClock "0:00:33"]

1. e4 e6 2. Nc3 d5 3. g3 d4 4. Nce2 c5 5. d3 Nc6 6. h3 Bd6 7. Bg2 Nge7 8. f4 f5 9. Nf3 O-O 10. O-O e5 11. fxe5 Nxe5 12. Nxe5 Bxe5 13. Bf4 Qd6 14. Kh2 Ng6 15. Bxe5 Qxe5 16. Nf4 Nxf4 17. gxf4 Qc7 18. e5 Be6 19. Rg1 Rad8 20. Qh5 Qf7 21. Qh4 Rd7 22. Bf3 Qe7 23. Rg5 Rf7 24. Rag1 Qf8 25. Qh6 Rde7 26. Rh5 g6 27. Rxg6+ Rg7 28. Rxe6 Kh8 29. Rxe7 Qxe7 30. Qf6 Qe8 31. Rg5 1-0


[Site "https://www.chess.com"]

[Event "Titled Tuesday Blitz March 21 Late 2023"]
[White "Di Berardino, Diego Rafael"]
[Black "Yuan, Qingyu"]
[WhiteFideId "2105446"]
[BlackFideId "8609772"]
[WhiteElo "2432"]
[BlackElo "2359"]
[Result "1-0"]
[Round "11"]
[TimeControl "180+2"]
[Date "2023.03.21"]
[WhiteClock "0:01:03"]
[BlackClock "0:00:52"]

1. e4 e5 2. Nf3 Nc6 3. d4 exd4 4. Nxd4 Nf6 5. Nc3 Bb4 6. Nxc6 bxc6 7. Bd3 O-O 8. O-O d5 9. exd5 Bg4 10. f3 Bh5 11. dxc6 Qd4+ 12. Kh1 Bxc3 13. bxc3 Qxc3 14. Rb1 Qxc6 15. Bb2 Rad8 16. Qe1 Bg6 17. Qa5 Bxd3 18. cxd3 Rxd3 19. Qxa7 Ra8 20. Qf2 Rxa2 21. Bxf6 Qa8 22. Qxa2 Qe8 23. Bh4 h6 24. Bg3 Qd7 25. Rfe1 Rd2 26. Qa8+ Kh7 27. Qe4+ f5 28. Qe6 Qd3 29. h3 c5 30. Rbc1 Rb2 31. Rxc5 Rb5 32. Rxb5 Qxb5 33. Re5 Qb1+ 34. Kh2 g6 35. Qf7+ 1-0


[Site "https://www.chess.com"]

[Event "Titled Tuesday Blitz March 21 Late 2023"]
[White "Tregubov, Pavel V."]
[Black "Vovk, Orest"]
[WhiteFideId "4115341"]
[BlackFideId "14113490"]
[WhiteElo "2425"]
[BlackElo "2215"]
[Result "1-0"]
[Round "11"]
[TimeControl "180+2"]
[Date "2023.03.21"]
[WhiteClock "0:01:15"]
[BlackClock "0:00:21"]

1. e4 g5 2. d4 g4 3. h3 g3 4. fxg3 d5 5. e5 c5 6. Nf3 Nc6 7. Bb5 Qb6 8. Nc3 e6 9. O-O cxd4 10. Nxd4 Bc5 11. Be3 Bd7 12. Na4 Bxd4 13. Nxb6 Bxe3+ 14. Kh2 Bxb6 15. Qh5 O-O-O 16. Bxc6 bxc6 17. Rxf7 Bc5 18. Qg5 h5 19. Qg7 Rh6 20. Rxd7 Rxd7 21. Qxg8+ Kc7 22. Rf1 Re7 23. Rf7 Rh7 24. Qxh7 1-0


[Site "https://www.chess.com"]

[Event "Titled Tuesday Blitz March 21 Late 2023"]
[White "Popov, Mikhail"]
[Black "Remolar Gallen, Jose"]
[WhiteFideId "4146182"]
[BlackFideId "2215187"]
[WhiteElo "2270"]
[BlackElo "2223"]
[Result "1-0"]
[Round "11"]
[TimeControl "180+2"]
[Date "2023.03.21"]
[WhiteClock "0:01:35"]
[BlackClock "0:00:46"]

1. c4 Nf6 2. g3 g6 3. Bg2 Bg7 4. Nc3 O-O 5. e4 e5 6. Nge2 Nc6 7. O-O Nd4 8. d3 c6 9. h3 d6 10. Nxd4 exd4 11. Ne2 Nd7 12. Kh2 Rb8 13. Bf4 Nc5 14. b4 Ne6 15. Bd2 f5 16. exf5 gxf5 17. Nf4 Nxf4 18. Bxf4 Be6 19. Qd2 b5 20. c5 Be5 21. Rae1 Bxf4 22. Qxf4 Bxa2 23. cxd6 Bd5 24. Re7 Rf6 25. Bxd5+ cxd5 26. Qg5+ Rg6 27. Qxf5 Qxd6 28. Qf7+ Kh8 29. Qxh7# 1-0


[Site "https://www.chess.com"]

[Event "Titled Tuesday Blitz March 21 Late 2023"]
[White "Omelja, Artem"]
[Black "Sai Krishna G V"]
[WhiteFideId "14119846"]
[BlackFideId "5028280"]
[WhiteElo "2404"]
[BlackElo "2359"]
[Result "1-0"]
[Round "11"]
[TimeControl "180+2"]
[Date "2023.03.21"]
[WhiteClock "0:01:20"]
[BlackClock "0:01:43"]

1. e4 c5 2. Nf3 d6 3. Bb5+ Nc6 4. O-O g6 5. Re1 Bg7 6. c3 a6 7. Bxc6+ bxc6 8. d4 c4 9. e5 d5 10. Nbd2 Bf5 11. b3 cxb3 12. Nxb3 h5 13. Nc5 Nh6 14. h3 O-O 15. Bg5 Kh7 16. Qd2 f6 17. exf6 exf6 18. Be3 g5 19. h4 g4 20. Nh2 Kg6 21. Nf1 Re8 22. Ng3 Bc8 23. Bf4 Ra7 24. Qd3+ Nf5 25. Ne6 Bxe6 26. Rxe6 Rxe6 27. Qxf5+ Kf7 28. Qxh5+ Kf8 29. Qxg4 Qe8 30. Kh2 Bh8 31. Nf5 Rh7 32. Bd6+ Kf7 33. Bf4 Qf8 34. Rb1 Ke8 35. Rb8+ Kf7 36. Rb7+ Ke8 37. Qg6+ Rf7 38. Rb8+ Kd7 39. Rxf8 Rxf8 40. Bh6 Rfe8 41. Qf7+ Kc8 42. Bf4 1-0


[Site "https://www.chess.com"]

[Event "Titled Tuesday Blitz March 21 Late 2023"]
[White "cryptoguru02"]
[Black "Jessel, Stephen"]
[BlackFideId "628859"]
[WhiteElo "2523"]
[BlackElo "2268"]
[Result "1-0"]
[Round "11"]
[TimeControl "180+2"]
[Date "2023.03.21"]
[WhiteClock "0:00:45"]
[BlackClock "0:00:09"]

1. d4 a6 2. e4 e6 3. Bd3 d5 4. e5 Bd7 5. a4 c5 6. c3 Nc6 7. Ne2 Qb6 8. a5 Nxa5 9. dxc5 Bxc5 10. Rxa5 Bxf2+ 11. Kf1 Bh4 12. g3 Qxa5 13. gxh4 O-O-O 14. Rg1 f6 15. Bf4 g6 16. Nd2 Rf8 17. Ke1 Qb6 18. Qb3 Qa5 19. Qa3 Qxa3 20. bxa3 Be8 21. Nd4 Kd7 22. N2b3 Ke7 23. Nc5 Bf7 24. Rf1 h6 25. exf6+ Nxf6 26. Be5 Bg8 27. Bxg6 Bh7 28. Bxh7 Rxh7 29. Ncxe6 Rff7 30. Nf4 Kd7 31. Bxf6 Rxf6 32. Nxd5 Rxf1+ 33. Kxf1 Rg7 34. Nf6+ Kd8 35. Ne6+ Ke7 36. Nxg7 Kxf6 37. Nh5+ Kf5 38. Ng3+ Ke5 39. Ke2 Kd5 40. Kd2 b5 41. Kd3 Ke5 42. h5 Kf4 43. Kd4 Kg4 44. Kc5 Kh3 45. Nf5 Kxh2 46. Nxh6 Kh3 47. Kb4 Kh4 48. Nf7 Kxh5 49. Nd6 Kg4 50. Ka5 Kf4 51. Kxa6 b4 52. axb4 Ke5 53. b5 Kxd6 54. b6 Kc6 55. b7 Kc7 56. Ka7 Kc6 57. b8=Q Kc5 58. Qb4+ Kc6 59. Qc4+ Kd7 60. Kb7 Ke7 61. Qd4 Ke6 62. Kc6 Kf5 63. Qe3 1-0


[Site "https://www.chess.com"]

[Event "Titled Tuesday Blitz March 21 Late 2023"]
[White "Quinones Garcia, Santiago"]
[Black "Filgueira, Hernan"]
[WhiteFideId "4408497"]
[BlackFideId "101770"]
[WhiteElo "2263"]
[BlackElo "2363"]
[Result "0-1"]
[Round "11"]
[TimeControl "180+2"]
[Date "2023.03.21"]
[WhiteClock "0:00:29"]
[BlackClock "0:00:24"]

1. d4 d5 2. c4 e6 3. Nc3 c6 4. cxd5 exd5 5. Nf3 Bf5 6. Bf4 Nd7 7. e3 Ngf6 8. Be2 Be7 9. h3 Qb6 10. Qd2 Bb4 11. O-O Ne4 12. Qc1 O-O 13. Nxe4 Bxe4 14. a3 Be7 15. b4 a5 16. Qc3 axb4 17. axb4 Qxb4 18. Qxb4 Bxb4 19. Rab1 Bxb1 20. Rxb1 c5 21. dxc5 Bxc5 22. Rxb7 Nf6 23. Be5 Ne4 24. Bb5 Ra2 25. Bc6 Rxf2 26. Nd4 Rd2 27. Bxd5 Nc3 28. Bc4 Nd1 29. Kh1 Nxe3 30. Ne6 Nxc4 31. Nxf8 Bxf8 32. Bc3 Rd1+ 33. Kh2 Bd6+ 34. g3 h5 35. Rb5 h4 0-1


[Site "https://www.chess.com"]

[Event "Titled Tuesday Blitz March 21 Late 2023"]
[White "Sielecki, Christof"]
[Black "Pniaczek, Marek"]
[WhiteFideId "4620437"]
[BlackFideId "21800421"]
[WhiteElo "2443"]
[BlackElo "2138"]
[Result "1-0"]
[Round "11"]
[TimeControl "180+2"]
[Date "2023.03.21"]
[WhiteClock "0:00:20"]
[BlackClock "0:00:08"]

1. e4 e5 2. Nf3 Nc6 3. Bb5 a6 4. Ba4 Nf6 5. d3 b5 6. Bb3 Bc5 7. Nc3 d6 8. Nd5 h6 9. c3 Bb7 10. Nxf6+ Qxf6 11. Bd5 Rb8 12. O-O O-O 13. Be3 Ne7 14. Bxb7 Rxb7 15. d4 Bb6 16. a4 Rbb8 17. a5 exd4 18. cxd4 Ba7 19. Rc1 c6 20. b4 d5 21. e5 Qe6 22. Nd2 Nf5 23. Nb3 f6 24. Bf4 g5 25. Bg3 Nxg3 26. hxg3 fxe5 27. Nc5 Bxc5 28. Rxc5 e4 29. Qc1 Rbc8 30. Qe3 Rf6 31. Rfc1 Qf5 32. R1c2 Qd7 33. Rc1 Kg7 34. R1c2 Kg6 35. Rc1 h5 36. f4 exf3 37. gxf3 Qh3 38. Qf2 Qf5 39. R5c3 Kh7 40. Re3 Rcf8 41. Rf1 Re6 42. Rxe6 Qxe6 43. Re1 Qf6 44. Kg2 Rf7 45. Re5 Re7 46. Qe3 Rxe5 47. dxe5 Qe7 48. Qd3+ Kg7 49. Qf5 d4 50. f4 gxf4 51. gxf4 Kh6 52. Kf3 Qxb4 53. Qg5+ Kh7 54. Qxh5+ Kg7 55. Qg5+ Kh7 56. Qh5+ Kg7 57. Qg4+ Kh7 58. Qd7+ Kh8 59. Qe8+ Kh7 60. Qf7+ Kh6 61. e6 Qc3+ 62. Kg4 Qe1 63. Qh5+ Kg7 64. Qg5+ Kf8 65. Qf6+ Kg8 66. Qf7+ Kh8 67. e7 Qg1+ 68. Kf5 Qb1+ 69. Ke5 Qe1+ 70. Kd6 Qb4+ 71. Kd7 1-0


[Site "https://www.chess.com"]

[Event "Titled Tuesday Blitz March 21 Late 2023"]
[White "Hoffmann, Asa"]
[Black "Sivakumar, Shaaketh"]
[WhiteFideId "2001470"]
[BlackFideId "30940176"]
[WhiteElo "2117"]
[BlackElo "2174"]
[Result "1/2-1/2"]
[Round "11"]
[TimeControl "180+2"]
[Date "2023.03.21"]
[WhiteClock "0:00:19"]
[BlackClock "0:01:14"]

1. d4 e6 2. e4 d5 3. e5 c5 4. Nf3 Nc6 5. Bd3 Qb6 6. O-O cxd4 7. a3 Nge7 8. b4 Ng6 9. Qe2 Qc7 10. Re1 Bd7 11. h4 Be7 12. h5 Nh4 13. Nxh4 Bxh4 14. Qg4 Be7 15. Bf4 O-O-O 16. Nd2 h6 17. Nb3 Qb6 18. Bg3 Rdg8 19. b5 Na5 20. Nxd4 f5 21. exf6 Bxf6 22. c3 e5 23. Bf5 Qd6 24. Bxd7+ Qxd7 25. Qxd7+ Kxd7 26. Bxe5 Re8 27. Bxf6 gxf6 28. Nf5 Nc4 29. f3 Re5 30. g4 Nb2 31. f4 Re4 32. Rxe4 dxe4 33. Re1 Re8 34. Nxh6 Nd3 35. Rd1 Ke6 36. Nf5 Rg8 37. Nh6 Rh8 38. Nf5 Nxf4 39. Kf2 Nd3+ 40. Ke3 Ke5 41. h6 Nb2 42. Rd4 Rc8 43. Rxe4+ Kd5 44. Rd4+ Ke5 45. Re4+ Kd5 46. Rd4+ Ke5 47. Re4+ 1/2-1/2


[Site "https://www.chess.com"]

[Event "Titled Tuesday Blitz March 21 Late 2023"]
[White "Bolourchifard, Farzad"]
[Black "aidenzhouu"]
[WhiteFideId "12510084"]
[WhiteElo "2317"]
[BlackElo "2469"]
[Result "1-0"]
[Round "11"]
[TimeControl "180+2"]
[Date "2023.03.21"]
[WhiteClock "0:00:20"]
[BlackClock "0:00:15"]

1. e4 c6 2. d4 d5 3. e5 Bf5 4. Nf3 e6 5. Be2 c5 6. O-O Qb6 7. Nbd2 Nc6 8. Nb3 c4 9. Nbd2 Nxd4 10. Nxd4 Qxd4 11. c3 Qb6 12. b3 cxb3 13. Nxb3 Bc5 14. Nxc5 Qxc5 15. Qa4+ Kd8 16. Ba3 Qb6 17. c4 Ne7 18. Bd6 Nc6 19. cxd5 exd5 20. Qh4+ Kd7 21. Bg4 Be6 22. Rab1 Qa6 23. Rfc1 Rae8 24. f4 g6 25. Be2 Qxe2 26. Rxb7+ Kc8 27. Rc7+ Kb8 28. R7xc6+ Ka8 29. Qg3 d4 30. Re1 Qxa2 31. Rc5 Bd5 32. Rd1 Rc8 33. Qf2 Rxc5 34. Bxc5 Qxf2+ 35. Kxf2 Rc8 36. Bxd4 Rc2+ 37. Kg3 Rxg2+ 38. Kh3 Re2 39. Ra1 Ra2 40. Rc1 Ra3+ 41. Kh4 Ra4 42. Be3 Re4 43. Rc3 a5 44. Kg5 a4 45. Kh6 Rb4 46. Bc5 Rb3 47. Rxb3 axb3 48. Bd4 Be6 49. Kxh7 Kb7 50. h4 Kc6 51. Kh6 Kd5 52. Ba1 Ke4 53. Kg5 Kd3 54. h5 gxh5 55. f5 Bxf5 56. Kxf5 h4 57. Kg4 Ke4 58. Kxh4 Kf5 59. Kg3 Ke4 60. Kg4 Kd5 61. Kf4 Ke6 62. Ke4 Ke7 63. Bb2 Kf8 64. Kd5 Ke7 65. Kc4 Ke6 66. Kxb3 Kd5 67. Kc2 Ke4 68. Kd2 Kd5 69. Ke3 Ke6 70. Kf4 f6 71. exf6 1-0


[Site "https://www.chess.com"]

[Event "Titled Tuesday Blitz March 21 Late 2023"]
[White "Do Valle Cardoso, Lucas"]
[Black "Mazurkiewicz, Michal"]
[WhiteFideId "2163144"]
[BlackFideId "1124943"]
[WhiteElo "2383"]
[BlackElo "2054"]
[Result "1-0"]
[Round "11"]
[TimeControl "180+2"]
[Date "2023.03.21"]
[WhiteClock "0:01:55"]
[BlackClock "0:00:02"]

1. e4 d6 2. d4 Nf6 3. Nc3 c6 4. f3 e5 5. Nge2 Be7 6. Be3 O-O 7. Qd2 b5 8. g4 b4 9. Nd1 Nbd7 10. Nf2 d5 11. g5 Nh5 12. exd5 cxd5 13. O-O-O exd4 14. Nxd4 Ne5 15. Kb1 Bb7 16. f4 Nc4 17. Qc1 Nxe3 18. Qxe3 Bd6 19. Nd3 g6 20. Be2 Ng7 21. h4 Qd7 22. Qg1 Nf5 23. Bg4 Rae8 24. h5 Re4 25. Nxf5 gxf5 26. Bf3 d4 27. g6 h6 28. gxf7+ Kh8 29. Bxe4 fxe4 30. Qxd4+ Kh7 31. Ne5 Bxe5 32. Qxd7 1-0


[Site "https://www.chess.com"]

[Event "Titled Tuesday Blitz March 21 Late 2023"]
[White "Gonzalez, Francisco Silva"]
[Black "Spata, German"]
[WhiteFideId "1512285"]
[BlackFideId "113026"]
[WhiteElo "2074"]
[BlackElo "2238"]
[Result "0-1"]
[Round "11"]
[TimeControl "180+2"]
[Date "2023.03.21"]
[WhiteClock "0:00:49"]
[BlackClock "0:00:11"]

1. d4 Nf6 2. c4 g6 3. Nc3 Bg7 4. e4 d6 5. f3 O-O 6. Be3 e5 7. d5 Nh5 8. Qd2 Qh4+ 9. Bf2 Qf4 10. Be3 Qh4+ 11. Bf2 Qe7 12. Be3 f5 13. O-O-O Nd7 14. Bd3 Nc5 15. Bc2 fxe4 16. Nxe4 Nxe4 17. Bxe4 Bf5 18. Ne2 Bxe4 19. fxe4 Qh4 20. Nc3 Nf6 21. h3 Nxe4 22. g3 Nxd2 23. gxh4 Nxc4 24. Bg5 h6 25. b3 hxg5 26. bxc4 gxh4 27. Ne4 Rf4 28. Rde1 b5 29. c5 dxc5 30. Rhg1 Kh7 31. Ng5+ Kh6 32. Ne6 Rf2 33. Nxg7 Kxg7 34. Rxe5 Raf8 35. Rg4 Rxa2 36. Kb1 Rh2 37. Re7+ Rf7 38. Rxf7+ Kxf7 39. Rxh4 Rd2 40. Rh7+ Kf6 41. Rxc7 Rxd5 42. Rxa7 Rh5 43. Rc7 Ke6 44. Rc6+ Kd5 45. Rxg6 Rxh3 46. Kc2 Rh2+ 47. Kb3 c4+ 48. Kb4 Rb2+ 49. Ka5 c3 50. Rg5+ Kc4 51. Rg4+ Kb3 52. Kxb5 c2 53. Rc4 Rb1 54. Rh4 c1=Q 55. Rh3+ Qc3 56. Rh1 Rxh1 0-1


[Site "https://www.chess.com"]